 Dungeon Crawl Stone Soup version 0.24.0-35-gdb84b6a5db (webtiles) character file.

Game seed: 11929166827757571344, levelgen mode: deterministic

198 Iamsoldier the Conjurer (level 5, -17/37 HPs)
             Began as a Gnoll Conjurer on Nov 19, 2019.
             Was a Follower of Sif Muna.
             Demolished by an ogre
             ... wielding a cursed -3 giant club
              (25 damage)
             ... on level 4 of the Dungeon.
             The game lasted 00:09:52 (3032 turns).

Iamsoldier the Conjurer (Gnoll Conjurer)            Turns: 3032, Time: 00:09:52

Health: -17/37     AC:  3    Str: 10    XL:     5   Next: 76%
Magic:  3/12       EV: 15    Int: 19    God:    Sif Muna [*.....]
Gold:   238        SH:  2    Dex: 15    Spells: 5/14 levels left

rFire    . . .     SeeInvis .   a - +2 short sword (venom)
rCold    . . .     Gourm    .   (no shield)
rNeg     . . .     Faith    .   d - +0 robe
rPois    .         Spirit   .   l - +0 hat
rElec    .         Reflect  +   (no cloak)
rCorr    .         Harm     .   (no gloves)
MR       .....                  q - +0 pair of boots
Stlth    +++.......             k - +2 amulet of reflection
HPRegen  0.12/turn              (no ring)
MPRegen  0.13/turn              (no ring)

@: no status effects
A: distributed training, fangs 1, strong nose
a: Channel Magic, Renounce Religion


You were on level 4 of the Dungeon.
You worshipped Sif Muna.
Sif Muna was aware of your devotion.
You were not hungry.

You visited 1 branch of the dungeon, and saw 4 of its levels.

You collected 238 gold pieces.

Inventory:

Hand Weapons
 a - a +2 short sword of venom (weapon)
 j - a +0 spear
Armour
 d - a +0 robe (worn)
 i - a +0 buckler
 l - a +0 hat (worn)
 q - a +0 pair of boots (worn)
Jewellery
 k - a +2 amulet of reflection (around neck)
Scrolls
 b - 3 scrolls of identify
 e - 2 scrolls of remove curse
 f - a scroll of fog {unknown}
 m - a scroll of teleportation {unknown}
 o - a scroll of magic mapping {unknown}
 p - a scroll of enchant weapon {unknown}
Potions
 h - a potion of flight
 n - a potion of might
Comestibles
 c - 3 rations
 g - 2 chunks of flesh


   Skills:
 + Level 1.6 Fighting
 + Level 1.6 Short Blades
 + Level 1.6 Long Blades
 + Level 1.6 Axes
 + Level 1.6 Maces & Flails
 + Level 1.6 Polearms
 + Level 1.6 Staves
 + Level 1.6 Slings
 + Level 1.6 Bows
 + Level 1.6 Crossbows
 + Level 1.6 Throwing
 + Level 1.6 Armour
 + Level 4.8 Dodging
 + Level 4.4 Stealth
 + Level 1.6 Shields
 + Level 1.6 Unarmed Combat
 + Level 5.2 Spellcasting
 + Level 7.2 Conjurations
 + Level 1.2 Hexes
 + Level 1.2 Charms
 + Level 1.2 Summonings
 + Level 1.2 Necromancy
 + Level 1.2 Translocations
 + Level 1.2 Transmutations
 + Level 1.2 Fire Magic
 + Level 1.2 Ice Magic
 + Level 1.2 Air Magic
 + Level 1.2 Earth Magic
 + Level 1.2 Poison Magic
 + Level 1.8 Invocations
 + Level 1.6 Evocations


You had 5 spell levels left.
You knew the following spells:

 Your Spells              Type           Power        Failure   Level  Hunger
a - Magic Dart            Conj           ####         1%          1    None
b - Iskenderun's Mystic   Conj           ####....     6%          4    ####...
c - Fulminant Prism       Conj/Hex       ###.......   22%         4    ####...

Your spell library contained the following spells:

 Spells                   Type           Power        Failure   Level  Hunger
 Searing Ray              Conj           ####..       1%          2    #......
 Dazzling Spray           Conj/Hex       ###...       6%          3    ##.....
 Force Lance              Conj/Tloc      ###.....     22%         4    ####...


Dungeon Overview and Level Annotations

Branches:
Dungeon (4/15)
 Temple: D:4-7

Altars:
Ashenzari
Elyvilon
Sif Muna


Innate Abilities, Weirdness & Mutations

Your experience applies equally to all skills.
You have very sharp teeth.
Your uncanny sense of smell can sniff out nearby items.


Message History

Aiming: Magic Dart (safe; 1% risk of failure)
Press: ? - help, Shift-Dir - straight line, f/p - orc wizard
Aim: an orc wizard, wielding a +0 dagger and wearing a +0 robe (moderately wounded, fast)
The magic dart hits the orc wizard.
The orc wizard is severely wounded.
The orc wizard hits you with a +0 dagger.
The howler monkey misses you. The howler monkey hits you.
The orc wizard closely misses you.
The orc wizard casts a spell.
The orc wizard seems to speed up.
The orc wizard casts a spell at you. The puff of flame hits you.
* * * LOW HITPOINT WARNING * * *
A giant cockroach comes into view.
The howler monkey hoots and howls with incredible vigour!
You hear a shout! x2; You hear an angry hiss.
You hear a shout!
You hear an angry hiss.
The ogre hits you with a cursed -3 giant club!!
Ouch! That really hurt!
You die...

#...O...# #.......#
#.......# #.......#
#.......#
#.......## #
#.##...# #.#
##......##...#
#....)O@...#.#
....#....o###..###
##..s..h........<.
#.#...........)# #
..>.#....o.####....
#....##.o.....<.#
#..#...........!...
#. ..........≈≈.≈≈#
...)..#....≈#+#≈#


You could see an ogre, a howler monkey, 2 orc wizards, an orc and a giant
cockroach.

Vanquished Creatures
  An orc wizard (D:3)
  A worker ant (D:4)
  3 gnolls (D:2)
  4 adders
  A shadow imp (D:3)
  7 orcs
  2 giant cockroaches
  8 goblins
  4 hobgoblins
  9 jackals
  A ball python (D:1)
  7 bats
  7 frilled lizards
  A giant cockroach zombie (D:3)
  7 kobolds
  12 rats
75 creatures vanquished.

Notes
Turn   | Place    | Note
-------+----------+-------------------------------------------
     0 | D:1      | Iamsoldier the Gnoll Conjurer began the quest for the Orb.
     0 | D:1      | Reached XP level 1. HP: 13/13 MP: 6/6
   252 | D:1      | Reached XP level 2. HP: 19/19 MP: 5/7
   680 | D:1      | Reached XP level 3. HP: 24/25 MP: 1/9
   704 | D:1      | Reached skill level 5 in Spellcasting
  1030 | D:2      | Reached skill level 1 in Invocations
  1036 | D:2      | Reached skill level 1 in Fighting
  1036 | D:2      | Reached skill level 1 in Short Blades
  1036 | D:2      | Reached skill level 1 in Long Blades
  1036 | D:2      | Reached skill level 1 in Axes
  1036 | D:2      | Reached skill level 1 in Maces & Flails
  1036 | D:2      | Reached skill level 1 in Polearms
  1036 | D:2      | Reached skill level 1 in Staves
  1036 | D:2      | Reached skill level 1 in Slings
  1036 | D:2      | Reached skill level 1 in Bows
  1036 | D:2      | Reached skill level 1 in Crossbows
  1036 | D:2      | Reached skill level 1 in Throwing
  1036 | D:2      | Reached skill level 1 in Armour
  1036 | D:2      | Reached skill level 1 in Shields
  1036 | D:2      | Reached skill level 1 in Unarmed Combat
  1036 | D:2      | Reached skill level 1 in Evocations
  1036 | D:2      | Reached XP level 4. HP: 21/32 MP: 1/11
  1817 | D:2      | Found a shimmering blue altar of Sif Muna.
  1823 | D:2      | Became a worshipper of Sif Muna the Loreminder
  1843 | D:2      | Found a shattered altar of Ashenzari.
  2332 | D:3      | Reached skill level 1 in Hexes
  2332 | D:3      | Reached skill level 1 in Charms
  2332 | D:3      | Reached skill level 1 in Summonings
  2332 | D:3      | Reached skill level 1 in Necromancy
  2332 | D:3      | Reached skill level 1 in Translocations
  2332 | D:3      | Reached skill level 1 in Transmutations
  2332 | D:3      | Reached skill level 1 in Fire Magic
  2332 | D:3      | Reached skill level 1 in Ice Magic
  2332 | D:3      | Reached skill level 1 in Air Magic
  2332 | D:3      | Reached skill level 1 in Earth Magic
  2332 | D:3      | Reached skill level 1 in Poison Magic
  2343 | D:3      | Reached XP level 5. HP: 25/37 MP: 1/12
  2526 | D:3      | Learned a level 4 spell: Iskenderun's Mystic Blast
  2531 | D:3      | Learned a level 4 spell: Fulminant Prism
  2721 | D:3      | Found a white marble altar of Elyvilon.
  2900 | D:3      | Reached * piety under Sif Muna
  3000 | D:4      | Noticed an ogre
  3032 | D:4      | Demolished by an ogre

Levels and vault maps discovered:
D:1:      dpeg_arrival_three_bigger_balls, layout_rooms
D:2:      minmay_chambers_of_twos, layout_basic, ashenzari_altar_1,
          old_standard_altar, serial_forest, infiniplex_forest_lined_corner,
          infiniplex_forest_clump_cross, infiniplex_forest_split,
          infiniplex_forest_lined_room_2, infiniplex_forest_fountain,
          infiniplex_forest_straight_2, infiniplex_forest_lined_3,
          minmay_liquid_box
D:3:      layout_loops_cross, lemuel_round_altar
D:4:      layout_rooms, minmay_temple_entry_mist, first_ration,
          chequers_ossuary_entry_cave, serial_shops, shop_statue,
          kennysheep_mini_moat, shop, nicolae_shop_trees, nicolae_elemental_shop

Skill      XL: |  1  2  3  4 |
---------------+-------------+-----
Spellcasting   | 5 |  5.2
Invocations    | 1 |  1.8
Fighting       | 1 |  1.6
Short Blades   | 1 |  1.6
Long Blades    | 1 |  1.6
Axes           | 1 |  1.6
Maces & Flails | 1 |  1.6
Polearms       | 1 |  1.6
Staves         | 1 |  1.6
Slings         | 1 |  1.6
Bows           | 1 |  1.6
Crossbows      | 1 |  1.6
Throwing       | 1 |  1.6
Armour         | 1 |  1.6
Shields        | 1 |  1.6
Unarmed Combat | 1 |  1.6
Evocations     | 1 |  1.6
Hexes          | 1 |  1.2
Charms         | 1 |  1.2
Summonings     | 1 |  1.2
Necromancy     | 1 |  1.2
Translocations | 1 |  1.2
Transmutations | 1 |  1.2
Fire Magic     | 1 |  1.2
Ice Magic      | 1 |  1.2
Air Magic      | 1 |  1.2
Earth Magic    | 1 |  1.2
Poison Magic   | 1 |  1.2
Dodging        | |  4.8
Stealth        | |  4.4
Conjurations   | |  7.2

Action                   |  1- 3 |  4- 6 || total
-------------------------+-------+-------++-------
Melee: Short sword       |    19 |     2 ||    21
       Bite              |     2 |       ||     2
 Cast: Magic Dart        |    46 |    98 ||   144
  Use: Scroll            |     1 |     2 ||     3
  Eat: Chunk             |       |     6 ||     6
Armor: Robe              |     6 |     3 ||     9
Dodge: Dodged            |    44 |    29 ||    73
Block: Other             |       |     2 ||     2
